Map: Acropolis LE

Players

Reynor - Winner!

  • Race: Zerg Zerg
  • Spawn Location: 11:00

SpeCial

  • Race: Terran Terran
  • Spawn Location: 5:00

Event: 2019 WCS Summer

VOD

Have the link to the VOD?

Description

Time

  • Played on: July 14, 2019, 7:59 a.m.
  • Length: 14:40

All games in this series

Show
View Real Time Build Order
Export as new Build Order

Reynor Zerg - Winner!

Build Orders: Hatch First 

Get SALT Encoding   

  12  0:00  Drone  
  13  0:12  Overlord  
  13  0:16  Drone  
  14  0:30  Drone x2  
  16  0:47  Hatchery  
  15  0:51  Drone  
  15  0:55  Drone  
  17  0:58  Drone  
  18  1:09  Extractor  
  17  1:13  Spawning Pool  
  17  1:16  Drone  
  17  1:19  Drone  
  18  1:27  Drone  
  19  1:38  Drone  
  20  1:49  Drone  
  21  2:00  Zergling x4, Queen x2  
  27  2:12  Overlord  
  27  2:13  Drone  
  28  2:30  Metabolic Boost, Drone x2  
  28  2:32  Drone x2  
  32  2:38  Queen  
  32  2:43  Drone x2  
  35  2:54  Overlord  
  35  2:59  Overlord  
  35  3:02  Hatchery  
  34  3:07  Pneumatized Carapace  
  34  3:11  Drone  
  35  3:13  Drone x3  
  35  3:19  Queen  
  38  3:22  Drone  
  38  3:23  Drone  
  38  3:26  Drone  
  43  3:28  Drone  
  44  3:34  Drone  
  44  3:36  Overlord  
  44  3:39  Drone  
  46  3:41  Drone x2  
  46  3:43  Drone  
  46  3:46  Drone  
  46  3:48  Zergling x2  
  51  3:53  Overlord  
  51  3:56  Zergling x4  
  51  3:57  Queen  
  51  3:59  Drone  
  56  4:06  Drone  
  56  4:07  Queen  
  56  4:09  Overlord  
  59  4:12  Drone  
  59  4:15  Drone x2  
  59  4:16  Queen  
  64  4:18  Drone  
  64  4:21  Drone x2  
  67  4:25  Drone  
  67  4:27  Zergling x2  
  67  4:28  Drone x3  
  72  4:33  Zergling x2  
  72  4:35  Evolution Chamber, Queen  
  74  4:43  Queen  
  74  4:44  Zergling x4  
  74  4:45  Overlord  
  78  4:47  Drone  
  78  4:49  Drone  
  80  4:53  Spore Crawler  
  80  4:55  Drone  
  80  4:56  Spore Crawler  
  80  4:58  Queen, Overlord  
  81  5:04  Zergling x4, Overlord  
  81  5:06  Drone x4  
  87  5:09  Zerg Ground Armor Level 1  
  87  5:12  Drone x2  
  89  5:17  Overlord  
  89  5:18  Evolution Chamber  
  89  5:20  Drone x2, Extractor, Spore Crawler  
  88  5:21  Drone  
  88  5:23  Zergling x4  
  91  5:31  Drone x3  
  91  5:32  Lair  
  91  5:33  Extractor  
  91  5:35  Drone x3, Extractor  
  95  5:39  Queen  
  95  5:40  Overlord  
  97  5:48  Drone x5, Zerg Melee Weapons Level 1  
  102  5:52  Drone x3  
  102  5:53  Drone  
  106  5:59  Drone x2  
  106  6:00  Extractor  
  106  6:02  Baneling Nest  
  106  6:03  Drone  
  107  6:07  Zergling x2, Extractor  
  107  6:09  Zergling x2  
  101  6:13  Zergling x2  
  99  6:19  Zergling x8  
  99  6:24  Zergling x8  
  105  6:28  Zergling x2  
  106  6:33  Overlord  
  106  6:35  Zergling x4  
  106  6:36  Overlord  
  104  6:41  Overlord  
  104  6:43  Drone  
  104  6:44  Infestation Pit  
  104  6:45  Hatchery  
  103  6:47  Roach Warren  
  103  6:51  Overlord x3  
  103  6:52  Overseer, Overlord  
  103  6:54  Zergling x4  
  104  6:56  Drone  
  104  7:00  Centrifical Hooks, Spore Crawler  
  104  7:05  Drone x5  
  104  7:08  Zerg Missile Weapons Level 1  
  108  7:10  Drone x2  
  108  7:13  Overlord  
  108  7:14  Drone x2  
  108  7:15  Drone x2  
  114  7:23  Zergling x8  
  115  7:30  Zergling x2  
  115  7:31  Zergling x6  
  115  7:32  Zergling x2  
  111  7:42  Infestor x5  
  110  7:46  Glial Reconstitution  
  110  7:47  Drone x4  
  110  7:48  Extractor  
  110  7:49  Extractor  
  112  7:51  Drone  
  112  7:53  Queen, Spore Crawler  
  112  7:54  Queen  
  112  7:57  Roach x3  
  112  7:58  Roach x2  
  126  8:03  Roach  
  128  8:08  Roach x3  
  128  8:10  Drone x2  
  128  8:11  Drone x2  
  138  8:15  Neural Parasite  
  138  8:19  Roach x3  
  144  8:21  Zergling x2  
  144  8:24  Ravager x2  
  147  8:28  Drone x2  
  147  8:29  Drone x3  
  147  8:32  Hatchery  
  147  8:33  Zergling x8  
  155  8:37  Hive, Zerg Melee Weapons Level 2  
  155  8:42  Spore Crawler  
  155  8:44  Ravager x2  
  155  8:45  Zergling x6  
  155  8:46  Zergling x6  
  162  8:51  Overlord  
  160  9:01  Baneling  
  160  9:02  Baneling x10, Drone  
  159  9:03  Drone x2  
  159  9:05  Spine Crawler  
  159  9:06  Spine Crawler  
  159  9:07  Zergling x20  
  169  9:13  Spire  
  169  9:15  Zerg Missile Weapons Level 2  
  168  9:21  Overlord  
  167  9:33  Zergling x26  
  167  9:36  Infestor  
  167  9:37  Infestor  
  183  9:39  Overlord x2  
  183  9:47  Ravager x6  
  183  9:50  Drone x9  
  198  9:56  Burrow  
  198  10:07  Extractor  
  198  10:11  Extractor, Spine Crawler  
  198  10:12  Spore Crawler  
  198  10:13  Spine Crawler  
  192  10:16  Zergling x14  
  192  10:17  Baneling  
  192  10:18  Baneling x4  
  193  10:27  Zergling x30, Roach x2  
  183  10:32  Zergling x6, Roach x2  
  179  10:36  Zergling x2  
  179  10:39  Zergling x2, Roach x2  
  179  10:41  Greater Spire  
  176  10:44  Zergling x2  
  170  11:00  Zergling x16  
  176  11:05  Zergling x4  
  176  11:06  Queen  
  176  11:22  Hatchery  
  171  11:28  Corruptor x7  
  171  11:30  Overlord  
  179  11:49  Overlord  
  179  11:50  Corruptor x2  
  183  12:01  Brood Lord x6  
  180  12:02  Zergling x18  
  183  12:24  Brood Lord x2  
  183  12:28  Baneling x9  
  184  12:30  Zergling x2  
  184  12:31  Zergling x20  
  195  12:37  Roach x2  
  195  12:38  Roach x2  
  195  12:43  Baneling x2  
  195  12:44  Baneling x3  
  189  12:50  Infestor x3  
  195  13:03  Infestor x2  
  196  13:06  Drone  
  196  13:07  Drone x2  
  187  13:29  Infestor x3  
  187  13:30  Infestor  
  187  13:33  Zergling x4  
  187  13:34  Zergling x18  
  199  13:48  Infestor  
  199  13:50  Hatchery  
  199  13:52  Overlord  
  189  14:06  Zergling x26  
  194  14:11  Baneling x13  
  194  14:12  Zergling x4  
  194  14:13  Zergling x6  
  194  14:17  Zergling x2  
Show
View Real Time Build Order
Export as new Build Order

SpeCial Terran 

Build Orders: Reaper Expand, Mech 

Get SALT Encoding   

  12  0:00  SCV  
  13  0:12  SCV  
  14  0:17  Supply Depot  
  14  0:24  SCV  
  15  0:39  SCV  
  15  0:40  Barracks  
  16  0:44  Refinery  
  16  0:51  SCV  
  17  1:03  SCV  
  18  1:15  SCV  
  19  1:28  Orbital Command  
  19  1:29  Reaper  
  20  1:38  Command Center  
  20  1:52  Supply Depot  
  20  1:54  SCV  
  21  2:01  Marine  
  22  2:06  SCV  
  22  2:08  Factory  
  23  2:19  Refinery  
  23  2:20  SCV  
  24  2:23  Barracks Reactor  
  24  2:32  SCV  
  25  2:44  SCV  
  26  2:51  Orbital Command  
  26  2:55  Starport  
  26  2:56  SCV  
  27  3:05  Hellion x2  
  31  3:06  Marine  
  31  3:08  SCV  
  33  3:17  SCV  
  34  3:20  SCV  
  34  3:26  Hellion  
  34  3:27  Hellion  
  39  3:29  SCV, Supply Depot  
  39  3:32  SCV  
  39  3:33  Starport Tech Lab  
  41  3:38  Fusion Core  
  41  3:42  SCV  
  41  3:44  SCV  
  43  3:54  SCV  
  48  3:58  Command Center  
  48  3:59  SCV  
  45  4:05  Supply Depot  
  45  4:06  SCV  
  46  4:11  SCV  
  46  4:14  Hellion  
  46  4:15  Hellion  
  51  4:18  SCV  
  51  4:22  Supply Depot  
  51  4:23  SCV  
  53  4:30  SCV, Battlecruiser  
  60  4:35  SCV  
  61  4:42  Refinery, SCV  
  61  4:44  Refinery  
  61  4:45  Hellion x2  
  66  4:49  Weapon Refit  
  66  4:54  SCV, Supply Depot  
  66  4:55  SCV  
  68  5:06  SCV  
  69  5:07  SCV  
  69  5:09  Hellion x2  
  69  5:10  Orbital Command  
  74  5:18  SCV  
  74  5:19  SCV  
  76  5:23  Supply Depot  
  76  5:24  Armory  
  76  5:30  SCV  
  76  5:31  SCV, Hellion x2  
  82  5:38  Orbital Command  
  82  5:40  Battlecruiser  
  82  5:42  SCV  
  89  5:45  SCV  
  90  5:52  Hellion  
  90  5:53  Supply Depot  
  90  5:54  SCV  
  93  5:57  SCV  
  94  6:06  SCV  
  94  6:07  SCV  
  94  6:09  SCV  
  87  6:15  Supply Depot, Hellion x2  
  88  6:18  SCV  
  88  6:19  SCV  
  88  6:20  Terran Vehicle Weapons Level 1  
  88  6:21  SCV  
  88  6:24  Factory  
  88  6:25  Factory  
  89  6:28  Refinery  
  89  6:30  SCV  
  89  6:32  SCV  
  91  6:33  SCV  
  91  6:35  Refinery  
  84  6:43  SCV  
  84  6:44  SCV, Hellion x2  
  84  6:45  SCV  
  84  6:46  Battlecruiser  
  93  6:47  Supply Depot  
  93  6:55  SCV  
  93  6:56  SCV  
  93  6:57  SCV, Supply Depot  
  96  7:05  Hellion x2  
  96  7:06  Factory x2  
  96  7:07  Factory Tech Lab, SCV  
  96  7:08  Factory Tech Lab, SCV  
  102  7:10  SCV  
  102  7:15  Supply Depot  
  103  7:19  SCV  
  103  7:20  SCV, Supply Depot  
  103  7:27  Hellion x2  
  107  7:36  Siege Tank x2  
  97  7:37  SCV  
  97  7:39  SCV  
  97  7:40  SCV  
  92  7:49  Factory Tech Lab, SCV, Hellion x2  
  92  7:50  Factory Reactor  
  97  7:51  SCV  
  97  7:53  Armory, SCV  
  99  8:01  SCV, Infernal Pre-Igniter  
  99  8:02  Command Center  
  99  8:03  SCV  
  99  8:05  SCV  
  102  8:07  Armory  
  102  8:12  Siege Tank, Hellion x2  
  109  8:13  SCV  
  109  8:15  Siege Tank, SCV  
  109  8:17  SCV  
  109  8:19  Siege Tank  
  118  8:22  Terran Vehicle Weapons Level 2  
  118  8:25  SCV  
  119  8:27  SCV  
  119  8:29  SCV  
  119  8:30  Supply Depot x2  
  121  8:37  SCV, Hellion x3  
  121  8:38  Hellion  
  121  8:40  SCV  
  132  8:41  SCV  
  132  8:43  Terran Vehicle And Ship Armor Level 1  
  132  8:47  Siege Tank  
  132  8:48  Supply Depot  
  135  8:59  Hellion  
  135  9:00  Hellion x3  
  135  9:02  Siege Tank  
  152  9:11  Hellion  
  152  9:13  SCV x3  
  151  9:20  Engineering Bay  
  151  9:25  SCV, Supply Depot  
  151  9:26  Hellion x3  
  151  9:27  Hellion  
  151  9:29  Siege Tank  
  159  9:35  Hellion  
  159  9:37  SCV x3  
  150  9:47  Planetary Fortress  
  150  9:49  SCV, Hellion  
  150  9:52  Hellion  
  157  9:55  Refinery, Hellion  
  157  9:57  Siege Tank  
  160  10:04  Siege Tank  
  160  10:05  Siege Tank, Refinery  
  164  10:15  Hellion  
  164  10:16  Hellion x3  
  152  10:29  Siege Tank  
  138  10:36  SCV x2, Hellion  
  138  10:37  Thor, Hellion x3  
  138  10:42  Command Center  
  154  10:45  Hellion  
  154  10:48  Battlecruiser  
  162  10:57  Siege Tank  
  162  10:58  Hellion x2  
  162  10:59  Hellion  
  162  11:01  Siege Tank  
  164  11:06  Hellion  
  164  11:07  Terran Vehicle And Ship Armor Level 2  
  164  11:10  Terran Vehicle Weapons Level 3  
  160  11:19  Hellion  
  160  11:20  Siege Tank, Hellion  
  167  11:27  Hellion  
  167  11:29  Siege Tank  
  167  11:32  Hellion  
  174  11:33  Siege Tank  
  174  11:34  Factory  
  174  11:36  Factory  
  165  11:41  Hellion  
  165  11:45  Hellion  
  165  11:46  Mag-Field Accelerator  
  169  11:49  Hellion  
  169  11:52  Hellion  
  173  11:56  Hellion  
  167  12:01  Siege Tank  
  167  12:02  Hellion  
  167  12:03  Supply Depot  
  167  12:05  Siege Tank, Battlecruiser  
  167  12:06  Hellion  
  183  12:13  Thor  
  189  12:19  Hellion  
  187  12:29  Factory Tech Lab  
  168  12:30  Factory Tech Lab, Hellion x2  
  168  12:33  Thor  
  172  12:39  Hellion  
  180  12:48  Thor  
  180  12:49  Hellion  
  190  12:51  Hellion  
  190  12:56  Thor  
  190  12:57  Thor  
  200  12:59  Thor  
  187  13:08  Sensor Tower  
  187  13:12  Hellion  
  188  13:14  Hellion  
  188  13:16  Thor  
  196  13:25  Hellion  
  198  13:31  Thor  
  193  13:39  Thor  
  193  13:40  SCV x2  
  189  14:08  Hellion x2  
  194  14:11  Hellion  
  194  14:12  SCV x3  
  194  14:14  Hellion  
  194  14:15  Hellion  
Tags
 
Add a new tag
Caveats
  • Supply blocks, unpowered buildings, or Contaminate may cause inaccurate times.
  • Supply counts are checked every 10 seconds.